[Event "Titled Tuesday Blitz November 07 Late 2023"]
[White "Kochiev, Ivan"]
[Black "Jarmula, Lukasz"]
[WhiteFideId "2917890"]
[BlackFideId "1160664"]
[WhiteElo "2489"]
[BlackElo "2750"]
[Result "1-0"]
[Round "3"]
[TimeControl "180+1"]
[Date "2023.11.07"]
[WhiteClock "0:00:06"]
[BlackClock "0:00:21"]
[Board "62"]

1. e4 c5 2. Nf3 d6 3. d4 cxd4 4. Nxd4 Nf6 5. f3 e5 6. Nb3 a5 7. c4 a4 8. N3d2 Be7 9. Nc3 O-O 10. Bd3 Nc6 11. O-O a3 12. b3 Be6 13. Nb5 Nh5 14. Bxa3 Nf4 15. Be2 Bh4 16. g3 Qg5 17. Kf2 Rxa3 18. Nxa3 Nd4 19. Re1 Qh6 20. Nf1 Nfxe2 21. Rxe2 Bd8 22. Nc2 Bb6 23. Kg2 Qh3+ 24. Kh1 Nxf3 25. Qxd6 Nd4 26. Qxb6 Nxe2 27. Qe3 Bg4 28. Nd2 Rd8 29. Nf3 Nxg3+ 30. Kg1 Nxe4 31. Nxe5 Qxe3+ 32. Nxe3 Be6 33. Rd1 Rxd1+ 34. Nxd1 f6 35. Nd3 g5 36. N1f2 Nc3 37. a4 Ne2+ 38. Kg2 Nd4 39. Nc5 Bc8 40. Nfe4 Kf7 41. Nd6+ Kg6 42. Nxc8 f5 43. Nxb7 f4 44. Nc5 Kf5 45. Nd6+ Ke5 46. Nf7+ Kf6 47. Nh6 Kg6 48. Ng4 h5 49. Ne5+ Kf5 50. Ned3 g4 51. a5 Nc2 52. a6 Ne3+ 53. Kf2 h4 54. a7 g3+ 55. hxg3 hxg3+ 56. Kf3 g2 57. Kf2 f3 58. a8=Q Ng4+ 59. Kg1 Kg5 60. Qxf3 1-0


[Site "https://www.chess.com"]

[Event "Titled Tuesday Blitz November 07 Late 2023"]
[White "Goltsev, Dmitry"]
[Black "Remolar Gallen, Jose"]
[WhiteFideId "24176710"]
[BlackFideId "2215187"]
[WhiteElo "2743"]
[BlackElo "2482"]
[Result "0-1"]
[Round "3"]
[TimeControl "180+1"]
[Date "2023.11.07"]
[WhiteClock "0:00:16"]
[BlackClock "0:00:38"]
[Board "63"]

1. e4 g6 2. h4 h5 3. e5 d5 4. exd6 cxd6 5. d4 Nf6 6. c3 Bg7 7. Nf3 Bg4 8. Qb3 Nbd7 9. Ng5 O-O 10. Bd3 d5 11. f3 Bf5 12. Bxf5 gxf5 13. Qc2 e5 14. Qxf5 exd4 15. O-O Qb6 16. Kh2 Rae8 17. cxd4 Qxd4 18. Qf4 Ng4+ 19. Kh1 Nf2+ 20. Rxf2 Re1+ 21. Kh2 Be5 22. Qxe5 Nxe5 23. Nc3 Qxf2 24. Nxd5 f6 25. Ne7+ Kh8 26. Bf4 Rxa1 27. Bg3 Qg1+ 28. Kh3 Qh1+ 29. Bh2 fxg5 30. hxg5 Nxf3 31. Ng6+ Kg7 0-1


[Site "https://www.chess.com"]

[Event "Titled Tuesday Blitz November 07 Late 2023"]
[White "Csonka, Balazs"]
[Black "Willy, Stephen"]
[WhiteFideId "742910"]
[BlackFideId "30981468"]
[WhiteElo "2735"]
[BlackElo "2481"]
[Result "1-0"]
[Round "3"]
[TimeControl "180+1"]
[Date "2023.11.07"]
[WhiteClock "0:00:03"]
[BlackClock "0:00:00"]
[Board "64"]

1. e4 d5 2. exd5 Nf6 3. c4 c6 4. d4 cxd5 5. Nc3 Nc6 6. Bg5 Ne4 7. Nxe4 dxe4 8. d5 Ne5 9. Qd4 f6 10. Bd2 Bf5 11. c5 a6 12. Rc1 e6 13. d6 g6 14. h3 h5 15. f4 exf3 16. Nxf3 Nxf3+ 17. gxf3 Bg7 18. Bd3 O-O 19. Rg1 Qd7 20. Bxf5 exf5 21. h4 Kh7 22. Kf2 Rfe8 23. a4 Re6 24. Rge1 Rae8 25. b3 Re5 26. Bf4 Rxe1 27. Rxe1 Rxe1 28. Kxe1 g5 29. Bd2 f4 30. b4 f5 31. Qd5 g4 32. b5 g3 33. c6 Qe8+ 34. Kf1 g2+ 35. Kg1 Qe2 36. Qxf5+ Kg8 37. Qd5+ Kh8 38. Qxh5+ Kg8 39. Qd5+ Kh8 40. Qh5+ Kg8 41. Qd5+ Kh7 42. Qe4+ Qxe4 43. fxe4 f3 44. Be3 Be5 45. d7 1-0


[Site "https://www.chess.com"]

[Event "Titled Tuesday Blitz November 07 Late 2023"]
[White "Koc, Przemyslaw"]
[Black "Tatarinov, Dmitry"]
[WhiteFideId "1109081"]
[BlackFideId "24160067"]
[WhiteElo "2476"]
[BlackElo "2725"]
[Result "0-1"]
[Round "3"]
[TimeControl "180+1"]
[Date "2023.11.07"]
[WhiteClock "0:00:09"]
[BlackClock "0:01:28"]
[Board "65"]

1. d4 Nf6 2. Bg5 e6 3. Nd2 d5 4. e3 Be7 5. Bd3 c5 6. c3 Nc6 7. Ngf3 h6 8. Bh4 O-O 9. O-O b6 10. Ne5 Nxe5 11. dxe5 Nd7 12. Bxe7 Qxe7 13. Qh5 Qg5 14. Qxg5 hxg5 15. f4 gxf4 16. exf4 Bb7 17. h4 f6 18. exf6 gxf6 19. Rae1 e5 20. Bf5 Rad8 21. Bxd7 Rxd7 22. fxe5 fxe5 23. Rxf8+ Kxf8 24. Rxe5 d4 25. c4 Rg7 26. Rg5 Re7 27. Kf2 d3 28. Nf3 Re2+ 29. Kg3 d2 30. Nxd2 Rxg2+ 31. Kf4 Rxd2 32. h5 Rxb2 33. h6 Rf2+ 34. Ke5 Rf7 35. Kd6 Be4 36. a4 Bd3 37. a5 Bxc4 38. axb6 axb6 39. Rg6 Bd3 40. Re6 c4 41. Ke5 c3 42. Rxb6 c2 43. Rc6 Rf1 44. Ke6 Bf5+ 45. Kf6 Bd7+ 46. Kg6 Bxc6 0-1


[Site "https://www.chess.com"]

[Event "Titled Tuesday Blitz November 07 Late 2023"]
[White "Pakleza, Zbigniew"]
[Black "Baches Garcia, Guillermo"]
[WhiteFideId "1119290"]
[BlackFideId "2209764"]
[WhiteElo "2703"]
[BlackElo "2476"]
[Result "1-0"]
[Round "3"]
[TimeControl "180+1"]
[Date "2023.11.07"]
[WhiteClock "0:00:03"]
[BlackClock "0:00:00"]
[Board "66"]

1. d4 d5 2. Nf3 e6 3. Bf4 Bd6 4. Bg3 Nf6 5. Nbd2 O-O 6. e3 c5 7. c3 Qc7 8. Be2 Nbd7 9. c4 cxd4 10. Nxd4 Bxg3 11. hxg3 dxc4 12. Nxc4 Nb6 13. Rc1 Nxc4 14. Bxc4 Qa5+ 15. Qd2 Qxd2+ 16. Kxd2 Rd8 17. Ke2 Bd7 18. f3 Kf8 19. e4 e5 20. Nb3 Rac8 21. Ke3 Ke7 22. Be2 Be6 23. Nc5 b6 24. Nxe6 Kxe6 25. f4 Rxc1 26. Rxc1 Rd4 27. Bf3 Rd7 28. Rc6+ Rd6 29. Rc8 h5 30. Rc4 Rd7 31. Rb4 g6 32. Rb5 exf4+ 33. gxf4 Rc7 34. f5+ Ke7 35. e5 Nd7 36. f6+ Ke8 37. Kd4 Rc5 38. Rxc5 Nxc5 39. Bc6+ Kd8 40. Kd5 Kc7 41. Be8 Ne6 42. Bxf7 Ng5 43. e6 Kd8 44. e7+ Kd7 45. e8=Q+ 1-0


[Site "https://www.chess.com"]

[Event "Titled Tuesday Blitz November 07 Late 2023"]
[White "Priasmoro, Novendra"]
[Black "Zirkelbach, Maj"]
[WhiteFideId "7105029"]
[BlackFideId "14613395"]
[WhiteElo "2697"]
[BlackElo "2474"]
[Result "0-1"]
[Round "3"]
[TimeControl "180+1"]
[Date "2023.11.07"]
[WhiteClock "0:00:48"]
[BlackClock "0:00:04"]
[Board "67"]

1. Nf3 Nf6 2. g3 d5 3. Bg2 c6 4. O-O Bg4 5. d4 Nbd7 6. c4 e6 7. Ne5 Nxe5 8. dxe5 Nd7 9. h3 Bh5 10. cxd5 cxd5 11. f4 Bc5+ 12. Kh2 O-O 13. g4 Bg6 14. f5 exf5 15. gxf5 Bh5 16. Qxd5 Bxe2 17. Re1 Bb5 18. Qxb7 Rb8 19. Qd5 Qh4 20. Qe4 Qf2 21. Bd2 Rfe8 22. Qf4 Nxe5 23. Nc3 Nf3+ 24. Qxf3 Qxd2 25. Rxe8+ Bxe8 26. Rd1 Qxb2 27. Ne4 Qe5+ 28. Kh1 Bb6 29. f6 Bc6 30. Qg4 g6 31. Qh4 Bc7 32. Kg1 Qh2+ 33. Kf1 Bb5+ 34. Kf2 Bb6+ 35. Kf3 Be2+ 36. Kxe2 Qxg2+ 37. Kd3 Rd8+ 38. Kc3 Qf3+ 39. Kb4 Qxd1 40. Qh6 Rd4+ 41. Kb5 Qa4# 0-1


[Site "https://www.chess.com"]

[Event "Titled Tuesday Blitz November 07 Late 2023"]
[White "Mladenovic, Stefan"]
[Black "Cristi_Coca"]
[WhiteFideId "942227"]
[WhiteElo "2692"]
[BlackElo "2473"]
[Result "0-1"]
[Round "3"]
[TimeControl "180+1"]
[Date "2023.11.07"]
[WhiteClock "0:00:00"]
[BlackClock "0:00:16"]
[Board "68"]

1. d4 Nf6 2. Nf3 g6 3. Bf4 Bg7 4. e3 O-O 5. Be2 d6 6. O-O c5 7. c3 b6 8. h3 Bb7 9. a4 a6 10. Nbd2 Nbd7 11. Bh2 cxd4 12. exd4 Rc8 13. Re1 Rc7 14. Bd3 Re8 15. Qb3 Qa8 16. Bc4 Nd5 17. Bxd6 Rxc4 18. Nxc4 exd6 19. Rxe8+ Qxe8 20. Nxd6 Qb8 21. Nxb7 Qxb7 22. Re1 Bf6 23. Re8+ Kg7 24. c4 Nf4 25. Qe3 Ne6 26. d5 Nec5 27. b4 Nxa4 28. Nd4 Qc7 29. Nc6 Qd6 30. Ra8 Nb2 31. Qe2 b5 32. cxb5 Nb6 33. bxa6 Nxa8 34. Qd2 Nc4 35. Qd3 Ncb6 36. a7 Nxd5 37. b5 Qc5 38. g3 Ndb6 39. Qe2 Nc7 40. h4 Qxb5 41. Qe4 Qc5 42. Kg2 Nca8 43. Qf3 h5 0-1


[Site "https://www.chess.com"]

[Event "Titled Tuesday Blitz November 07 Late 2023"]
[White "Ahmad, Khagan"]
[Black "Papasimakopoulos, Alexandros"]
[WhiteFideId "13431552"]
[BlackFideId "4244125"]
[WhiteElo "2472"]
[BlackElo "2678"]
[Result "0-1"]
[Round "3"]
[TimeControl "180+1"]
[Date "2023.11.07"]
[WhiteClock "0:00:01"]
[BlackClock "0:01:39"]
[Board "69"]

1. e4 e6 2. d4 d5 3. Nd2 Nf6 4. e5 Nfd7 5. Bd3 c5 6. c3 b5 7. Ndf3 b4 8. Nh3 bxc3 9. bxc3 Ba6 10. O-O Bxd3 11. Qxd3 Nc6 12. Nhg5 Be7 13. Nxh7 cxd4 14. cxd4 Nb4 15. Qb1 Rb8 16. Nhg5 Nb6 17. a3 Nc6 18. Qd3 Nc4 19. Bf4 N6a5 20. Rfb1 Rxb1+ 21. Rxb1 Nxa3 22. Ra1 N5c4 23. h4 a5 24. g3 Qb6 25. Kg2 a4 26. Bc1 Qb3 27. Qxb3 axb3 28. Bxa3 Bxa3 29. Rb1 b2 30. Nh3 Ke7 31. Nf4 Rb8 32. Nd3 Rb3 33. Nde1 Bb4 34. Nc2 Bc3 35. Kf1 Ba5 36. Ke2 Rxf3 37. Rxb2 Rxf2+ 38. Kxf2 Nxb2 0-1


[Site "https://www.chess.com"]

[Event "Titled Tuesday Blitz November 07 Late 2023"]
[White "Ventura Bolet, Maxim"]
[Black "Tokhirjonova, Gulrukhbegim"]
[WhiteFideId "22238824"]
[BlackFideId "14203626"]
[WhiteElo "2470"]
[BlackElo "2656"]
[Result "1-0"]
[Round "3"]
[TimeControl "180+1"]
[Date "2023.11.07"]
[WhiteClock "0:00:47"]
[BlackClock "0:00:00"]
[Board "70"]

1. e4 e5 2. Bc4 Bc5 3. Nc3 Nf6 4. d3 d6 5. f4 Nc6 6. Nf3 Bg4 7. h3 Bxf3 8. Qxf3 Nd4 9. Qg3 O-O 10. Bb3 Nh5 11. Qg4 Nxf4 12. Bxf4 exf4 13. O-O-O Nxb3+ 14. axb3 Be3+ 15. Kb1 a5 16. g3 fxg3 17. Qxg3 Bd4 18. Ne2 Bf6 19. Nf4 a4 20. bxa4 Rxa4 21. Nh5 Be5 22. Qg4 Qa8 23. c3 Ra1+ 24. Kc2 Qa4+ 25. Kd2 Rxd1+ 26. Rxd1 Qb3 27. d4 Qxb2+ 28. Kd3 Qb5+ 29. Ke3 f5 30. exf5 Bf6 31. Rg1 Re8+ 32. Kf4 Be5+ 33. dxe5 Qxe5+ 34. Kg5 Qe3+ 35. Kh4 Re4 36. Nf6+ Kf7 37. Nxe4 1-0


[Site "https://www.chess.com"]

[Event "Titled Tuesday Blitz November 07 Late 2023"]
[White "Shuvalova, Polina"]
[Black "Kovacsy, Barnabas"]
[WhiteFideId "24171760"]
[BlackFideId "769290"]
[WhiteElo "2652"]
[BlackElo "2469"]
[Result "1-0"]
[Round "3"]
[TimeControl "180+1"]
[Date "2023.11.07"]
[WhiteClock "0:00:47"]
[BlackClock "0:00:00"]
[Board "71"]

1. g3 Nf6 2. Bg2 g6 3. d4 d5 4. Nf3 Bg7 5. O-O O-O 6. c3 c6 7. Nbd2 Ne4 8. Nxe4 dxe4 9. Ng5 e5 10. dxe5 Bxe5 11. Nxe4 Qe7 12. Bg5 f6 13. Be3 Rd8 14. Qa4 Be6 15. Rad1 Na6 16. h4 Rd5 17. Nd2 Nc5 18. Qa3 Bd6 19. Bxd5 Bxd5 20. b4 Ne4 21. c4 Bxb4 22. Qb2 Nxg3 23. cxd5 Nxe2+ 24. Kg2 Bxd2 25. Rxd2 Qe4+ 26. f3 Qxe3 27. Rxe2 Qf4 28. Qxb7 Rd8 29. Qxc6 Qxh4 30. Re8+ Kg7 31. Qc7+ Kh6 32. Rh1 1-0


[Site "https://www.chess.com"]

[Event "Titled Tuesday Blitz November 07 Late 2023"]
[White "Meduri, Aakaash"]
[Black "Arman, Deniz"]
[WhiteFideId "2032252"]
[BlackFideId "6302106"]
[WhiteElo "2468"]
[BlackElo "2649"]
[Result "0-1"]
[Round "3"]
[TimeControl "180+1"]
[Date "2023.11.07"]
[WhiteClock "0:00:00"]
[BlackClock "0:00:50"]
[Board "72"]

1. Nf3 d5 2. d4 Nf6 3. Bf4 c6 4. e3 Bg4 5. c4 e6 6. Qb3 Bxf3 7. gxf3 Qb6 8. c5 Qxb3 9. axb3 Nbd7 10. Nc3 a6 11. b4 Rc8 12. h4 g6 13. Be2 Be7 14. Kd2 Nh5 15. Bg3 Nxg3 16. fxg3 e5 17. h5 O-O 18. f4 exd4 19. exd4 Bf6 20. Kd3 Rfe8 21. Bg4 Rcd8 22. Rae1 Nf8 23. Na4 Bh8 24. Nb6 f5 25. Bf3 Ne6 26. hxg6 hxg6 27. Re5 Bxe5 28. dxe5 Kg7 29. b5 Nxc5+ 30. Kd4 Ne6+ 31. Kc3 cxb5 32. Bxd5 Re7 33. Kb4 Nd4 34. Rd1 Nc2+ 35. Kc3 Ne3 36. Rd3 Rc7+ 37. Kd4 Nc4 38. Nxc4 Rxc4+ 39. Ke3 Rc7 40. Bf3 Rxd3+ 41. Kxd3 Kf7 42. Bd5+ Ke7 43. Bf3 a5 44. g4 a4 45. gxf5 gxf5 46. Bh5 Rc4 47. Bf3 Rxf4 48. Bxb7 Rb4 49. Kc3 Rb3+ 50. Kc2 Ke6 51. Kb1 Kxe5 52. Ka2 f4 53. Bg2 Rg3 54. Bc6 Rb3 55. Bg2 Kd4 56. Bf1 Ke3 57. Bh3 f3 58. Bf1 Kf2 59. Bh3 Kg3 60. Bf1 Kh2 61. Ka1 Kg1 62. Bh3 f2 63. Ka2 Rxh3 0-1


[Site "https://www.chess.com"]

[Event "Titled Tuesday Blitz November 07 Late 2023"]
[White "Chor, Kevin"]
[Black "victormago"]
[WhiteFideId "2090740"]
[WhiteElo "2648"]
[BlackElo "2466"]
[Result "1-0"]
[Round "3"]
[TimeControl "180+1"]
[Date "2023.11.07"]
[WhiteClock "0:00:23"]
[BlackClock "0:00:00"]
[Board "73"]

1. e4 c5 2. Nf3 d6 3. d4 cxd4 4. Nxd4 Nf6 5. Nc3 a6 6. Be2 e5 7. Nb3 Be7 8. Be3 Be6 9. Nd5 Bxd5 10. exd5 O-O 11. Qd2 Nbd7 12. Na5 Qc7 13. c4 Ne4 14. Qb4 Rfb8 15. O-O Bf8 16. Rac1 Ndc5 17. f3 Nf6 18. Qa3 Ncd7 19. b4 Rc8 20. Rfd1 b6 21. Nc6 Nb8 22. b5 a5 23. Bd3 Nbd7 24. Bf5 Re8 25. Re1 g6 26. Bh3 Nc5 27. Bg5 Bg7 28. Qe3 h6 29. Bxh6 Bxh6 30. Qxh6 Nd3 31. Rcd1 Nxe1 32. Rxe1 a4 33. a3 e4 34. Qh4 Kg7 35. fxe4 Rh8 36. Qf4 Rae8 37. Rf1 Nxe4 38. Bg4 f5 39. Bf3 Nc5 40. Qd4+ Kh7 41. Qf6 Rhf8 42. Qh4+ Kg7 43. Nd4 Re5 44. Nc6 Ree8 45. Qg5 Qf7 46. Qf4 Qf6 47. h4 Ne4 48. Re1 Nc5 49. Rd1 Rf7 50. Nd4 Rh8 51. g3 Re7 52. Nc6 Ree8 53. Kg2 Qb2+ 54. Rd2 Qf6 55. Nd4 Ne4 56. Rd3 Nc5 57. Rd1 Re7 58. h5 1-0


[Site "https://www.chess.com"]

[Event "Titled Tuesday Blitz November 07 Late 2023"]
[White "Halak, Miklos"]
[Black "Adla, Diego"]
[WhiteFideId "726400"]
[BlackFideId "100072"]
[WhiteElo "2448"]
[BlackElo "2647"]
[Result "1/2-1/2"]
[Round "3"]
[TimeControl "180+1"]
[Date "2023.11.07"]
[WhiteClock "0:00:06"]
[BlackClock "0:00:11"]
[Board "74"]

1. d4 Nf6 2. Nf3 d5 3. Bf4 c5 4. e3 Nc6 5. Nbd2 Nh5 6. dxc5 Nxf4 7. exf4 g6 8. Nb3 Bh6 9. g3 O-O 10. Bg2 Bg7 11. c3 b6 12. cxb6 a5 13. O-O a4 14. Nc5 Qxb6 15. Nxa4 Qa5 16. b3 Ba6 17. Re1 Bb5 18. Ne5 Nxe5 19. fxe5 Bxa4 20. bxa4 Rfd8 21. Qb3 e6 22. c4 dxc4 23. Qxc4 Qxa4 24. Qc7 Rac8 25. Qb7 Rc2 26. Qb3 Rd4 27. Qxa4 Rxa4 28. f4 Bf8 29. Rec1 Raxa2 30. Rxc2 Rxc2 31. h4 Bc5+ 32. Kh2 h6 33. Kh3 Rc3 34. Rf1 Kg7 35. Rf3 Rc2 36. Rd3 Rc1 37. Rf3 f6 38. exf6+ Kxf6 39. Rd3 Rc2 40. Rf3 Bd6 41. Rd3 Bc7 42. Rb3 e5 43. fxe5+ Bxe5 44. Rf3+ Kg7 45. Rd3 Rc7 46. Re3 Bf6 47. Rd3 g5 48. hxg5 hxg5 49. Kg4 Rc4+ 50. Kf3 g4+ 51. Kf2 Bd4+ 52. Kf1 Kf6 53. Ke2 Ke5 54. Rd2 Rc3 55. Rd3 Rc1 56. Rd2 Rg1 57. Kd3 Re1 58. Re2+ Rxe2 59. Kxe2 Bc5 60. Bc6 Bd6 61. Bd7 Kf6 62. Bxg4 Bxg3 1/2-1/2


[Site "https://www.chess.com"]

[Event "Titled Tuesday Blitz November 07 Late 2023"]
[White "Thomforde-Toates, Noah"]
[Black "Akhayan, Ruben"]
[WhiteFideId "30951992"]
[BlackFideId "204439"]
[WhiteElo "2646"]
[BlackElo "2447"]
[Result "1-0"]
[Round "3"]
[TimeControl "180+1"]
[Date "2023.11.07"]
[WhiteClock "0:00:16"]
[BlackClock "0:00:13"]
[Board "75"]

1. d4 Nf6 2. Nc3 d5 3. Bf4 g6 4. e3 Bg7 5. h4 h5 6. Nf3 O-O 7. Ne5 c6 8. Qf3 Ng4 9. Qg3 Nxe5 10. dxe5 Be6 11. Bd3 Nd7 12. O-O-O Nc5 13. Ne2 Nxd3+ 14. Rxd3 c5 15. Rhd1 a5 16. Nc3 a4 17. Nxd5 Bxd5 18. Rxd5 Qb6 19. a3 e6 20. Rd6 Qb5 21. Bg5 c4 22. Bf6 c3 23. bxc3 Qc5 24. Bxg7 Qxa3+ 25. Kd2 Kxg7 26. Qg5 Rac8 27. Ke2 Qxc3 28. Kf3 Qxc2 29. R1d3 a3 30. Rxa3 Qf5+ 31. Qxf5 exf5 32. Rb3 Rc7 33. Rbb6 Re8 34. Rd5 Ree7 35. Rdb5 Rcd7 36. Kf4 Rc7 37. f3 Rc4+ 38. Kg5 Rc2 39. g3 Rcc7 40. Rf6 Rcd7 41. Rfb6 Rc7 42. Rd6 Rc4 43. Rbb6 Rcc7 44. Kf4 Rc4+ 45. Rd4 Rcc7 46. Rdb4 Rcd7 47. Rd6 Rc7 48. e4 fxe4 49. Rxe4 b5 50. Rd5 Rb7 51. Rb4 Rec7 52. Rdxb5 Rxb5 53. Rxb5 Rc4+ 54. Ke3 Rc6 55. Rd5 Ra6 56. Rd6 Ra3+ 57. Ke4 Ra4+ 58. Rd4 Ra6 59. g4 hxg4 60. fxg4 Rb6 61. Kf4 Ra6 62. Rd7 Rb6 63. h5 gxh5 64. gxh5 Ra6 65. Kg5 Rb6 66. h6+ Kg8 67. Rd8+ Kh7 68. Rf8 Rg6+ 69. Kf5 Rxh6 70. Rxf7+ Kg8 71. e6 Rh1 72. Kf6 Ra1 73. Rg7+ Kf8 74. e7+ Ke8 75. Rg8+ Kd7 76. e8=Q+ 1-0


[Site "https://www.chess.com"]

[Event "Titled Tuesday Blitz November 07 Late 2023"]
[White "szachmistrz2500"]
[Black "Janaszak, Dawid"]
[BlackFideId "1119206"]
[WhiteElo "2446"]
[BlackElo "2645"]
[Result "1-0"]
[Round "3"]
[TimeControl "180+1"]
[Date "2023.11.07"]
[WhiteClock "0:00:13"]
[BlackClock "0:00:02"]
[Board "76"]

1. Nf3 d5 2. g3 g6 3. Bg2 Bg7 4. O-O Nf6 5. d3 O-O 6. Nbd2 d4 7. e4 dxe3 8. fxe3 c5 9. e4 Nc6 10. e5 Ng4 11. Ne4 Ngxe5 12. Nxc5 Nxf3+ 13. Qxf3 Nd4 14. Qf2 Qb6 15. Nb3 Nxc2 16. Qxb6 axb6 17. Rb1 Rxa2 18. Bg5 Be6 19. Nd2 Bd4+ 20. Kh1 f6 21. Bh6 Rb8 22. Nf3 Be3 23. Bxe3 Nxe3 24. Rfe1 Nxg2 25. Rxe6 Rc8 26. Kxg2 Rc2+ 27. Kh3 Raxb2 28. Rxb2 Rxb2 29. Rxe7 b5 30. Rxb7 b4 31. Nd4 Rd2 32. Rxb4 Rxd3 33. Kg4 h5+ 34. Kf4 Kg7 35. h4 g5+ 36. Ke4 Rd1 37. Rb7+ Kg6 38. Nf3 g4 39. Nd4 Re1+ 40. Kd3 Rd1+ 41. Ke3 Rf1 42. Ne2 Rf3+ 43. Ke4 Ra3 44. Nf4+ Kh6 45. Ne2 Rf3 46. Rb8 Kg7 47. Rd8 Kh6 48. Rd3 f5+ 49. Kd4 Rf2 50. Nf4 Ra2 51. Ke5 Ra5+ 52. Kf6 Rc5 53. Ne6 Rb5 54. Rd8 Kh7 55. Ng5+ 1-0


[Site "https://www.chess.com"]

[Event "Titled Tuesday Blitz November 07 Late 2023"]
[White "Volkov, Maksim"]
[Black "ExchangeAB"]
[WhiteFideId "54123070"]
[WhiteElo "2644"]
[BlackElo "2441"]
[Result "0-1"]
[Round "3"]
[TimeControl "180+1"]
[Date "2023.11.07"]
[WhiteClock "0:00:24"]
[BlackClock "0:00:40"]
[Board "77"]

1. d4 d5 2. c4 c6 3. Nf3 Nf6 4. g3 Bf5 5. Nc3 e6 6. Nh4 Be4 7. f3 Bg6 8. Qb3 Qb6 9. c5 Qxb3 10. axb3 Na6 11. e4 Nb4 12. Ra4 a5 13. Nxg6 hxg6 14. Bf4 Kd7 15. Kd2 Nh5 16. Ke3 g5 17. Bxg5 Nxg3 18. Rg1 Nxf1+ 19. Rxf1 Rxh2 20. Ne2 Rg2 21. Bf4 g5 22. Be5 Be7 23. Rg1 Rxg1 24. Nxg1 f6 25. Bg3 e5 26. Ne2 Nc2+ 27. Kd3 Nxd4 28. Nxd4 exd4 29. exd5 Bxc5 30. dxc6+ Kxc6 31. Bf2 b6 32. b4 Bxb4 33. Bxd4 Rd8 34. Ke3 f5 35. Bf6 Re8+ 36. Kd3 g4 37. fxg4 fxg4 38. Ra1 Re6 39. Bh4 Kb5 40. Rg1 Rg6 41. Bg3 Bc5 42. Rg2 Kb4 43. Be5 Kb3 44. Ke4 g3 45. Kf5 Rg8 46. Bxg3 Bd6 47. Rd2 Bxg3 0-1


[Site "https://www.chess.com"]

[Event "Titled Tuesday Blitz November 07 Late 2023"]
[White "Kovalevsky, Stanislav"]
[Black "Wieczorek, Oskar"]
[WhiteFideId "13508598"]
[BlackFideId "1133950"]
[WhiteElo "2438"]
[BlackElo "2644"]
[Result "1-0"]
[Round "3"]
[TimeControl "180+1"]
[Date "2023.11.07"]
[WhiteClock "0:00:30"]
[BlackClock "0:00:02"]
[Board "78"]

1. e4 c5 2. c3 Nf6 3. e5 Nd5 4. d4 cxd4 5. Nf3 e6 6. cxd4 d6 7. Nc3 Nxc3 8. bxc3 Qc7 9. c4 dxe5 10. Nxe5 Nc6 11. Nxc6 Qxc6 12. d5 Bb4+ 13. Bd2 Bxd2+ 14. Qxd2 exd5 15. cxd5 Qd6 16. Bb5+ Kf8 17. O-O a6 18. Be2 Bd7 19. Bf3 g6 20. Qh6+ Kg8 21. Rfe1 Rd8 22. Re3 Qf6 23. Rae1 b5 24. h3 a5 25. Bg4 Qg7 26. Qh4 g5 27. Qg3 f5 28. Re7 Qf6 29. Bh5 f4 30. Qb3 Bf5 31. d6+ 1-0


[Site "https://www.chess.com"]

[Event "Titled Tuesday Blitz November 07 Late 2023"]
[White "Ehlvest, Jaan"]
[Black "Mazurkiewicz, Michal"]
[WhiteFideId "4500016"]
[BlackFideId "1124943"]
[WhiteElo "2637"]
[BlackElo "2437"]
[Result "1-0"]
[Round "3"]
[TimeControl "180+1"]
[Date "2023.11.07"]
[WhiteClock "0:00:14"]
[BlackClock "0:00:09"]
[Board "79"]

1. e4 d6 2. d4 Nf6 3. Nc3 c6 4. f4 Qb6 5. e5 Nd5 6. Nxd5 cxd5 7. Bd3 Nc6 8. c3 g6 9. Nf3 Bg4 10. h3 Bxf3 11. Qxf3 e6 12. a4 Na5 13. Rb1 Rc8 14. O-O a6 15. g4 Be7 16. f5 gxf5 17. gxf5 dxe5 18. fxe6 fxe6 19. Qf7+ Kd8 20. Qg7 Kd7 21. Qxe5 Qd6 22. Bf4 Rhg8+ 23. Kh2 Qxe5 24. Bxe5 Nc4 25. Bxc4 Rxc4 26. Rf7 Ke8 27. Rxh7 Rxa4 28. Rf1 Ra2 29. Rf2 b5 30. Bg3 a5 31. h4 a4 32. h5 a3 33. bxa3 Rxf2+ 34. Bxf2 Bxa3 35. Be3 Bb2 36. h6 Bxc3 37. Rc7 b4 38. h7 Rh8 39. Rc8+ Kf7 40. Rxh8 Kg7 41. Re8 Kxh7 42. Rxe6 b3 43. Rb6 b2 44. Kg3 Kg7 45. Kf3 Kf7 46. Ke2 Ke7 47. Kd3 Kd7 48. Kxc3 1-0


[Site "https://www.chess.com"]

[Event "Titled Tuesday Blitz November 07 Late 2023"]
[White "Amburgy, Ryan"]
[Black "Weisz, Bryan"]
[WhiteFideId "30924820"]
[BlackFideId "30934133"]
[WhiteElo "2637"]
[BlackElo "2434"]
[Result "1-0"]
[Round "3"]
[TimeControl "180+1"]
[Date "2023.11.07"]
[WhiteClock "0:01:50"]
[BlackClock "0:00:06"]
[Board "80"]

1. d4 Nf6 2. c4 d5 3. cxd5 g6 4. f3 Nxd5 5. e4 Nb6 6. Be3 Bg7 7. Nc3 O-O 8. Nge2 Nc6 9. Qd2 Nc4 10. Qd3 Nxe3 11. Qxe3 Nxd4 12. O-O-O c5 13. h4 Be6 14. Nf4 Bh6 15. g4 f6 16. g5 fxg5 17. Nxe6 Qb6 18. Nxf8 Rxf8 19. Bg2 Bg7 20. hxg5 Nb5 21. Nxb5 Qxb5 22. Qb3+ 1-0


[Site "https://www.chess.com"]

[Event "Titled Tuesday Blitz November 07 Late 2023"]
[White "Makaraci, Tunahan"]
[Black "Ismagilov, Damir"]
[WhiteFideId "6356559"]
[BlackFideId "34199982"]
[WhiteElo "2434"]
[BlackElo "2626"]
[Result "0-1"]
[Round "3"]
[TimeControl "180+1"]
[Date "2023.11.07"]
[WhiteClock "0:00:00"]
[BlackClock "0:00:18"]
[Board "81"]

1. e4 g6 2. d4 Bg7 3. Nc3 d5 4. exd5 Nf6 5. Nf3 Nxd5 6. Bc4 Nxc3 7. bxc3 O-O 8. O-O c5 9. Re1 Nc6 10. Be3 Bg4 11. Rb1 cxd4 12. cxd4 Nxd4 13. Bxd4 Bxf3 14. gxf3 Bxd4 15. Rxb7 Rc8 16. Bb3 Rc5 17. c3 Bf6 18. Qxd8 Rxd8 19. Rxa7 Rxc3 20. Kg2 Rd2 21. Re4 Kg7 22. Raa4 h5 23. h3 h4 24. Rac4 Rcd3 25. Kf1 Rb2 26. Re2 Rb1+ 27. Kg2 Ra1 28. Rcc2 Rdd1 29. f4 Rg1+ 30. Kf3 Rh1 31. Ke4 Rxh3 32. f3 Rg3 33. Rh2 Re1+ 34. Rce2 Rf1 35. Rhf2 Rc1 36. Rc2 Rxc2 37. Bxc2 h3 38. Rh2 Rg2 0-1


[Site "https://www.chess.com"]

[Event "Titled Tuesday Blitz November 07 Late 2023"]
[White "Aarav Dengla"]
[Black "hristos03"]
[WhiteFideId "45059756"]
[WhiteElo "2625"]
[BlackElo "2434"]
[Result "1-0"]
[Round "3"]
[TimeControl "180+1"]
[Date "2023.11.07"]
[WhiteClock "0:00:26"]
[BlackClock "0:00:00"]
[Board "82"]

1. e4 c5 2. Nf3 d6 3. d4 cxd4 4. Nxd4 Nf6 5. Nc3 a6 6. Rg1 e5 7. Nb3 Be6 8. g4 Nc6 9. g5 Nd7 10. Be3 Nc5 11. h4 Be7 12. Qd2 Rc8 13. h5 b5 14. f3 Qc7 15. Nd5 Bxd5 16. exd5 Nb8 17. c4 bxc4 18. Bxc4 Nbd7 19. Nxc5 Nxc5 20. Kf2 O-O 21. Rac1 Qd7 22. b4 Nb7 23. Bxa6 Ra8 24. Qe2 Rfb8 25. Bb5 Qh3 26. Rh1 Qf5 27. Bd3 Qd7 28. Qc2 g6 29. hxg6 hxg6 30. Bxg6 Rxa2 31. Qxa2 fxg6 32. Qc2 Kg7 33. Rh6 Qe8 34. Rch1 1-0


[Site "https://www.chess.com"]

[Event "Titled Tuesday Blitz November 07 Late 2023"]
[White "Pace, Christopher"]
[Black "Zakaryan, David"]
[WhiteFideId "2610167"]
[BlackFideId "24101923"]
[WhiteElo "2433"]
[BlackElo "2623"]
[Result "0-1"]
[Round "3"]
[TimeControl "180+1"]
[Date "2023.11.07"]
[WhiteClock "0:00:06"]
[BlackClock "0:00:12"]
[Board "83"]

1. e4 c5 2. Nf3 Nc6 3. d4 cxd4 4. Nxd4 e6 5. Nc3 Qc7 6. Be2 a6 7. O-O Nf6 8. Be3 Be7 9. f4 d6 10. f5 Nxd4 11. Bxd4 e5 12. Be3 b5 13. a4 b4 14. Nd5 Nxd5 15. exd5 Bf6 16. Qd2 Rb8 17. Rac1 Qa5 18. c4 bxc3 19. Rxc3 Qxa4 20. Rfc1 O-O 21. Rc4 Qb3 22. Bg5 Bxf5 23. Bxf6 gxf6 24. Rh4 Qxb2 25. Qh6 Qxe2 0-1


[Site "https://www.chess.com"]